 Dungeon Crawl Stone Soup version 0.20.0-7-g3b7b877 (webtiles) character file.

20880 ChaseSP the Severer (level 12, -2/113 HPs)
             Began as a Hill Orc Fighter on May 29, 2017.
             Was a High Priest of Okawaru.
             Slain by a vault guard
             ... wielding a +0 great sword
              (9 damage)
             ... on level 13 of the Dungeon.
             The game lasted 00:29:10 (14398 turns).

ChaseSP the Severer (Hill Orc Fighter)             Turns: 14398, Time: 00:29:10

Health: -2/113     AC: 18    Str: 23    XL:     12   Next: 84%
Magic:  16/16      EV: 15    Int:  8    God:    Okawaru [*****.]
Gold:   633        SH:  0    Dex: 16    Spells: 11/11 levels left

rFire    + + .     SeeInvis .   Y - +0 battleaxe
rCold    + + .     Gourm    .   (shield currently unavailable)
rNeg     . . .     Faith    .   i - +6 scale mail of Circular Logic {rC+ Regen+ Str+3 Dex+2}
rPois    .         Spirit   .   q - +0 helmet
rElec    .         Reflect  .   O - scarf {rC+ rF+}
rCorr    .         Harm     .   F - +0 pair of gloves
MR       .....                  G - +0 pair of boots
Stlth    ..........             (no amulet)
Regen    0.7/turn               a - +1 ring of evasion
MPRegen  0.2/turn               Q - ring of protection from fire

@: very slightly contaminated
A: no striking features
a: Heroism, Finesse, Renounce Religion


You were on level 13 of the Dungeon.
You worshipped Okawaru.
Okawaru was extremely pleased with you.
You were hungry.

You visited 2 branches of the dungeon, and saw 14 of its levels.

You collected 633 gold pieces.

Inventory:

Hand Weapons
 c - a +0 great mace
 W - a +1 morningstar of crushing
 Y - a +0 battleaxe (weapon)
Missiles
 R - 22 bolts
Armour
 i - the +6 scale mail of Circular Logic (worn) {rC+ Regen+ Str+3 Dex+2}
   (Okawaru gifted it to you on level 11 of the Dungeon)

   It affects your strength (+3).
   It affects your dexterity (+2).
   It protects you from cold.
   It increases your rate of regeneration.
 q - a +0 helmet (worn)
 F - a +0 pair of gloves (worn)
 G - a +0 pair of boots (worn)
 N - a +0 plate armour
 O - a scarf of resistance (worn)
Jewellery
 a - a +1 ring of evasion (left hand)
 r - an uncursed ring of stealth
 E - an uncursed ring of magical power
 L - an uncursed ring of stealth
 Q - a ring of protection from fire (right hand)
Wands
 h - a wand of random effects (28/48)
 m - a wand of confusion (13/48)
 p - a wand of iceblast (7/15)
 y - a wand of iceblast (10/15)
 D - a wand of iceblast (11/15)
Scrolls
 b - 3 scrolls of enchant armour {unknown}
 e - 3 scrolls of fear
 j - 2 scrolls of magic mapping {unknown}
 k - 5 scrolls of identify
 n - a scroll of blinking {unknown}
 t - 4 scrolls of immolation
 x - 2 scrolls of noise {unknown}
 B - 5 scrolls of remove curse
 C - 2 scrolls of fog {unknown}
 H - 2 scrolls of enchant weapon {unknown}
 V - 2 scrolls of amnesia {unknown}
Potions
 d - a potion of might
 o - a potion of curing
 s - 3 potions of flight
 u - a potion of invisibility
 v - 2 potions of lignification
 w - a potion of agility
 A - a potion of brilliance
 K - 3 potions of mutation
 M - a potion of degeneration {unknown}
 T - a potion of berserk rage
Books
 I - a book of Geomancy

   Spells                             Type                      Level
   a - Sandblast                      Earth                        1
   b - Passwall                       Transmutation/Earth          2
   c - Stone Arrow                    Conjuration/Earth            3
   d - Petrify                        Transmutation/Earth          4
   e - Lee's Rapid Deconstruction     Earth                        5
 X - a book of Changes

   Spells                             Type                      Level
   a - Beastly Appendage              Transmutation                1
   b - Sticks to Snakes               Transmutation                2
   c - Spider Form                    Transmutation/Poison         3
   d - Ice Form                       Ice/Transmutation            4
   e - Blade Hands                    Transmutation                5
Comestibles
 f - 10 bread rations
 g - 6 meat rations
 l - 22 fruits
 z - 6 royal jellies
 J - 5 chunks of flesh


   Skills:
 + Level 12.6 Fighting
 * Level 17.6 Axes
 + Level 8.5 Armour
 + Level 5.8 Dodging
   Level 3.2 Shields
 - Level 6.1 Invocations


You had 11 spell levels left.
You didn't know any spells.

Dungeon Overview and Level Annotations

Branches:
Dungeon (13/15)            Temple (1/1) D:5            Lair (0/6) D:11
    Orc (0/2) D:9          Vaults (0/5) D:13

Altars:
Dithmenos
Elyvilon
Fedhas
Gozag
Hepliaklqana
Makhleb
Nemelex Xobeh
Okawaru
Qazlal
Sif Muna
Trog
Vehumet
Xom
Yredelemnul
Beogh


Message History

Something hits you.
* * * LOW HITPOINT WARNING * * *
Something hits you.
* * * LOW HITPOINT WARNING * * *
Something hits you.
* * * LOW HITPOINT WARNING * * *
Something hits you but does no damage.
You slash something! Something hits you but does no damage.
Something hits you but does no damage. Something hits you!
* * * LOW HITPOINT WARNING * * *
Something completely misses you. Something hits you.
* * * LOW HITPOINT WARNING * * *
There is a stone staircase leading up, spattered with blood here.
Things that are here:
an uncursed longbow of flaming; 10 arrows; a centaur barding You flicker back into view.
Something hits you.
* * * LOW HITPOINT WARNING * * *
The vault guard hits you with a great sword!
You die...

.....#.#####.# #.##.......
.....#.#...#.# #..#.......
.....#.#...#p######..#.......
#..###.#...#.........#.......
#..'...#...'.........#
#..#...#...'((.......#
#..#.).#####(..p{....#
#..#...........p.....###
#..#............@......#
#..#......................
#..#.....#############....
...#.....#...........#.... ####
...#.....#...........#.... #...
...#.....+....(......# .. #...
...#.....+...........# #...
...##'####...........#########.[.
.......).(.......................


You could see 3 vault guards.

Vanquished Creatures
  Nessos (D:13)
  The ghost of UnbalancedOne the Severer, a journeyman MiBe of Trog (D:10)
  A centaur warrior (D:13)
  A catoblepas (D:13)
  3 two-headed ogres
  A tengu warrior (D:11)
  A deep elf mage (D:13)
  4 cyclopes
  2 manticores
  Maurice (D:13)
  Joseph (D:9)
  A troll (D:13)
  Prince Ribbit (D:6)
  Grinder (D:4)
  5 slime creatures (D:13)
  3 hippogriffs
  A shadow (D:9)
  The ghost of Heimdallr the Chopper, an amateur MiBe of Trog (D:4)
  A wyvern (D:10)
  2 humans (D:9)
  4 hungry ghosts
  A vampire (D:12)
  Grum (D:8)
  A soldier ant (D:11)
  2 water moccasins
  7 orc warriors
  3 ice beasts
  A sky beast (D:5)
  2 black bears
  3 phantoms
  8 ogres
  A necrophage (D:10)
  An eye of draining (D:9)
  3 centaurs
  4 wolves
  A crocodile (D:8)
  4 big kobolds
  12 bullfrogs
  A gnoll sergeant (D:9)
  A water moccasin zombie (D:10)
  3 scorpions
  A water moccasin skeleton (D:9)
  5 wights
  7 killer bees
  3 howler monkeys
  8 crimson imps
  4 jellies
  2 quasits
  2 bullfrog skeletons (D:12)
  A bullfrog zombie (D:8)
  4 centaur zombies
  8 orc priests
  A centaur skeleton (D:12)
  15 orc wizards
  8 hounds
  3 gnoll shamans
  4 iguanas
  10 worker ants
  2 hound skeletons
  A howler monkey zombie (D:6)
  Robin (D:4)
  21 gnolls
  10 adders
  3 shadow imps
  3 oozes
  2 adder zombies
  2 adder skeletons (D:4)
  2 worms
  5 leopard geckos
  55 orcs
  5 giant cockroaches
  7 goblins
  13 hobgoblins
  31 jackals
  23 kobolds
  7 quokkas
  6 bats
  4 frilled lizards
  A leopard gecko skeleton (D:7)
  A leopard gecko zombie (D:6)
  A quokka skeleton (D:5)
  8 rats
397 creatures vanquished.

Notes
Turn   | Place    | Note
-------+----------+-------------------------------------------
     0 | D:1      | ChaseSP the Hill Orc Fighter began the quest for the Orb.
     0 | D:1      | Reached XP level 1. HP: 19/19 MP: 1/1
    53 | D:1      | Reached skill level 3 in Axes
   318 | D:1      | Reached XP level 2. HP: 20/26 MP: 2/2
   331 | D:1      | Reached skill level 4 in Axes
   774 | D:2      | Reached XP level 3. HP: 20/31 MP: 3/3
  1112 | D:2      | Reached skill level 5 in Axes
  1161 | D:2      | You fall through a shaft for 2 floors!
  1218 | D:3      | Reached XP level 4. HP: 39/39 MP: 4/4
  1303 | D:3      | Reached skill level 6 in Axes
  1393 | D:3      | Reached XP level 5. HP: 45/45 MP: 5/5
  1430 | D:3      | Noticed an ogre
  1434 | D:3      | Killed an ogre
  1434 | D:3      | Reached skill level 7 in Axes
  1569 | D:3      | Reached skill level 8 in Axes
  1569 | D:3      | Reached XP level 6. HP: 47/51 MP: 6/6
  1740 | D:3      | Found a stormy altar of Qazlal.
  2110 | D:4      | Noticed Heimdallr's ghost (amateur MiBe)
  2113 | D:4      | Noticed Grinder
  2164 | D:4      | Killed Heimdallr's ghost
  2164 | D:4      | Reached skill level 9 in Axes
  2164 | D:4      | Reached XP level 7. HP: 14/57 MP: 7/7
  2164 | D:4      | Killed Grinder
  2164 | D:4      | Reached skill level 10 in Axes
  2387 | D:4      | Noticed Robin
  2397 | D:4      | Killed Robin
  2440 | D:4      | Found a bloodstained altar of Trog.
  2561 | D:4      | Reached skill level 11 in Axes
  2568 | D:4      | HP: 2/85 [gnoll/halberd (6)]
  2884 | D:4      | Reached XP level 8. HP: 55/64 MP: 8/8
  3402 | D:4      | Reached skill level 12 in Axes
  3648 | D:5      | Entered Level 5 of the Dungeon
  3792 | D:5      | Found a staircase to the Ecumenical Temple.
  3810 | Temple   | Entered the Ecumenical Temple
  3844 | Temple   | Became a worshipper of Warmaster Okawaru
  4279 | D:5      | Found a shimmering altar of Xom.
  4716 | D:6      | Reached skill level 5 in Fighting
  4761 | D:6      | Found a deep blue altar of Sif Muna.
  4767 | D:6      | Reached skill level 13 in Axes
  4767 | D:6      | Reached XP level 9. HP: 56/74 MP: 9/9
  4887 | D:6      | Noticed Prince Ribbit
  4959 | D:6      | Killed Prince Ribbit
  4959 | D:6      | Reached * piety under Okawaru
  4979 | D:6      | Reached skill level 5 in Armour
  6375 | D:7      | Paralysed by fainting for 9 turns
  6535 | D:7      | Reached ** piety under Okawaru
  6744 | D:7      | Reached skill level 14 in Axes
  6975 | D:8      | Reached skill level 1 in Dodging
  7009 | D:8      | Noticed Grum
  7039 | D:8      | Killed Grum
  7039 | D:8      | Reached XP level 10. HP: 25/86 MP: 10/10
  7528 | D:8      | Reached skill level 15 in Axes
  7807 | D:8      | Found a sparkling altar of Nemelex Xobeh.
  7952 | D:8      | Reached *** piety under Okawaru
  8159 | D:8      | Found an opulent altar of Gozag.
  8159 | D:8      | Found a hazy altar of Hepliaklqana.
  8320 | D:9      | Found a staircase to the Orcish Mines.
  8781 | D:9      | Noticed Joseph
  8812 | D:9      | Killed Joseph
  8946 | D:9      | Reached **** piety under Okawaru
  9235 | D:9      | Reached skill level 16 in Axes
  9453 | D:9      | Found a roughly hewn altar of Beogh.
  9578 | D:9      | Found an iron altar of Okawaru.
  9672 | D:9      | Noticed a two-headed ogre
  9686 | D:9      | Killed a two-headed ogre
  9686 | D:9      | Reached ***** piety under Okawaru
  9686 | D:9      | Reached XP level 11. HP: 50/97 MP: 11/11
 10128 | D:10     | Entered Level 10 of the Dungeon
 10277 | D:10     | Found a deep blue altar of Sif Muna.
 10430 | D:10     | Noticed UnbalancedOne's ghost (journeyman MiBe)
 10453 | D:10     | Killed UnbalancedOne's ghost
 10453 | D:10     | Received a gift from Okawaru
 10453 | D:10     | Reached skill level 10 in Fighting
 10456 | D:10     | Got a crude lajatang {god gift}
 10457 | D:10     | Identified the +5 lajatang of Emeecisk {flame, rElec rC++ MR-} (Okawaru gifted it to you on level 10 of the Dungeon)
 11378 | D:11     | Noticed a cyclops
 11496 | D:11     | Killed a cyclops
 11505 | D:11     | Found a staircase to the Lair.
 11641 | D:11     | Noticed a two-headed ogre
 11660 | D:11     | Killed a two-headed ogre
 11889 | D:11     | Noticed a manticore
 11895 | D:11     | Noticed a two-headed ogre
 11900 | D:11     | Killed a manticore
 11909 | D:11     | Killed a two-headed ogre
 11909 | D:11     | Received a gift from Okawaru
 11909 | D:11     | Reached skill level 5 in Invocations
 11914 | D:11     | Got a crude scale mail {god gift}
 12146 | D:11     | Identified the +6 scale mail of Circular Logic {rC+ Regen+ Str+3 Dex+2} (Okawaru gifted it to you on level 11 of the Dungeon)
 12618 | D:11     | Noticed a tengu warrior
 12640 | D:11     | Killed a tengu warrior
 12640 | D:11     | Reached XP level 12. HP: 66/112 MP: 16/16
 13137 | D:12     | Reached skill level 5 in Dodging
 13858 | D:13     | Noticed a catoblepas
 13870 | D:13     | Killed a catoblepas
 13870 | D:13     | Reached skill level 17 in Axes
 13914 | D:13     | Noticed Nessos
 13931 | D:13     | Killed Nessos
 14108 | D:13     | Noticed Maurice
 14146 | D:13     | Killed Maurice
 14311 | D:13     | Noticed a centaur warrior
 14319 | D:13     | Killed a centaur warrior
 14319 | D:13     | Received a gift from Okawaru
 14345 | D:13     | Found a gate to the Vaults.
 14345 | D:13     | Noticed a vault guard
 14345 | D:13     | Noticed a vault guard
 14345 | D:13     | Noticed a vault guard
 14345 | D:13     | Noticed a vault guard
 14398 | D:13     | Slain by a vault guard

Skill      XL: |  1  2  3  4  5  6  7  8  9 10 11 12 |
---------------+-------------------------------------+-----
Axes           | 3 4 5 6 8 9 11 13 14 16 17 | 17.6
Fighting       | 5 7 9 11 12 | 12.6
Armour         | 4 5 7 8 |  8.5
Dodging        | 1 4 5 |  5.8
Invocations    | 5 6 |  6.1
Shields        | |  3.2

Action                   |  1- 3 |  4- 6 |  7- 9 | 10-12 || total
-------------------------+-------+-------+-------+-------++-------
Melee: War axe           |   128 |       |       |       ||   128
       Broad axe         |       |   149 |   383 |   591 ||  1123
       Battleaxe         |       |       |       |   216 ||   216
Invok: Heroism           |       |       |       |     4 ||     4
       Finesse           |       |       |       |     2 ||     2
Evoke: Wand              |       |       |     3 |       ||     3
  Use: Potion            |       |       |     2 |     7 ||     9
       Scroll            |       |       |    10 |     8 ||    18
 Stab: Distracted        |       |       |     1 |       ||     1
  Eat: Chunk             |     1 |     3 |    15 |    24 ||    43
       Fruit             |       |       |     4 |       ||     4
       Bread ration      |       |       |       |     1 ||     1
Armor: Scale mail        |    54 |    54 |   166 |   204 ||   478
       Chain mail        |       |       |       |    32 ||    32
       Plate armour      |       |       |       |   138 ||   138
Dodge: Dodged            |    41 |    42 |   109 |   286 ||   478
Block: Shield            |    52 |    74 |   186 |   222 ||   534
